 Dungeon Crawl Stone Soup version 0.31-a0-1591-g515db51633 (webtiles) character file.

Game seed: 3101063812430327757

1117 BigPumpCobain the Basher (level 8, 0/71 HPs)
             Began as a Minotaur Berserker on Jan 7, 2024.
             Was a Priest of Trog.
             Succumbed to a killer bee's poison
             ... on level 6 of the Dungeon.
             The game lasted 00:08:10 (4767 turns).

BigPumpCobain the Basher (Minotaur Berserker)       Turns: 4767, Time: 00:08:10

Health: 0/71       AC:  9    Str: 24    XL:     8   Next: 12%
Magic:  7/7        EV: 10    Int:  4    God:    Trog [***...]
Gold:   291        SH:  0    Dex: 10    Spells: 7/7 levels left

rFire   . . .        a - +0 mace
rCold   + . .        (no shield)
rNeg    . . .        h - +0 scale mail
rPois   .            t - +0 hat
rElec   .            (no cloak)
rCorr   +            (no gloves)
SInv    .            j - +1 pair of boots
Will    .....        (no amulet) Stlth
                     k - ring of protection from cold
HPRegen 0.31/turn    o - ring of resist corrosion
MPRegen 0.10/turn

%: no passive effects
@: lethally poisoned (0 -> -3), on berserk cooldown, slowed, very slow
A: horns 2, retaliatory headbutt
a: Renounce Religion, Berserk, Trog's Hand


You were on level 6 of the Dungeon.
You worshipped Trog.
Trog was most pleased with you.
You visited 2 branches of the dungeon, and saw 7 of its levels.

You collected 291 gold pieces.

Inventory:

Hand Weapons
 a - a +0 mace (weapon)
Armour
 h - a +0 scale mail (worn)
 j - a +1 pair of boots (worn)
 t - a +0 hat (worn)
Jewellery
 k - a ring of protection from cold (left hand)
 o - a ring of resist corrosion (right hand)
Wands
 g - a wand of mindburst (9)
Scrolls
 c - a scroll of silence
 d - 2 scrolls of vulnerability
 e - 4 scrolls of teleportation
 n - a scroll of fog
 p - 2 scrolls of amnesia
 q - a scroll of fear
 s - a scroll of identify
Potions
 b - a potion of cancellation {unknown}
 f - 3 potions of curing
 i - a potion of ambrosia {unknown}
 l - a potion of heal wounds
 m - a potion of might {unknown}
 r - a potion of enlightenment {unknown}


   Skills:
 + Level 6.8 Fighting
 * Level 8.9 Maces & Flails
 + Level 6.1 Armour
 - Level 2.1 Dodging


You had 7 spell levels left.
You didn't know any spells.
Your spell library was empty.

Dungeon Overview and Level Annotations

Branches:
Dungeon (6/15)             Temple (1/1) D:5

Altars:
Ashenzari
Dithmenos
Elyvilon
Gozag
Hepliaklqana
Kikubaaqudgha
Nemelex Xobeh
Ru
Trog
Uskayaw
Vehumet
Wu Jian
Yredelemnul
Zin
The Shining One

Shops:
D:4 !

Annotations:
Temple 2 transporters


Innate Abilities, Weirdness & Mutations

You have a pair of horns on your head.
You reflexively headbutt those who attack you in melee.


Message History

You have reached level 8!
You feel agile.
You are too berserk!
You sock the killer bee!
You kill the killer bee!
Trog accepts your kill.
You feel sick. The killer bee stings you.
* * * LOW HITPOINT WARNING * * *
You closely miss the killer bee.
* * * LOW HITPOINT WARNING * * *
You feel sick.
The killer bee stings you but does no damage.
You closely miss the killer bee. Your headbutt misses the killer bee.
* * * LOW HITPOINT WARNING * * *
You feel sick. The killer bee misses you.
You hit the killer bee. Your headbutt misses the killer bee.
The killer bee is lightly wounded.
* * * LOW HITPOINT WARNING * * *
You feel sick. The killer bee closely misses you.
The killer bee barely misses you.
You barely miss the killer bee. You headbutt the killer bee!
The killer bee is almost dead.
* * * LOW HITPOINT WARNING * * *
You feel sick.
The killer bee stings you but does no damage.
You hit the killer bee.
You kill the killer bee!
Trog accepts your kill.
* * * LOW HITPOINT WARNING * * *
You feel sick.
You are too berserk!
* * * LOW HITPOINT WARNING * * *
You feel sick.
You feel a strong urge to attack something.
* * * LOW HITPOINT WARNING * * *
You feel sick.
You are no longer berserk.
You are exhausted.
You feel yourself slow down.
You die...

#. #' #.. . ... #.. .##
#... ... ..###..####
###'######..#..#....
.##...†...##..........
.......|..@....>.......#
###....................#
#....................#
#.......##...........#
#.......##....##.....#
..........+....##.....#
...........#...........#
...........#...........#
........###'####.....#..


There were no monsters in sight!

Vanquished Creatures
  An orc warrior (D:6)
  2 ogres (D:4)
  A kobold brigand (D:6)
  A scorpion (D:4)
  4 killer bees (D:6)
  A bombardier beetle (D:5)
  A jelly (D:5)
  2 sleepcaps
  2 hounds
  Jessica (D:2)
  2 iguanas (D:4)
  2 orc wizards (D:6)
  A hound skeleton (D:3)
  11 adders
  A white imp (D:6)
  An adder zombie (D:3)
  2 adder skeletons (D:3)
  4 ribbon worms
  A dart slug (D:3)
  12 orcs
  7 bats
  7 endoplasms
  5 giant cockroaches
  5 goblins
  2 hobgoblins
  11 jackals
  14 kobolds
  5 quokkas
  6 ball pythons
  A frilled lizard (D:2)
  2 jackal skeletons (D:3)
  A quokka skeleton (D:3)
  A quokka zombie (D:3)
  8 rats
128 creatures vanquished.

Notes
Turn   | Place    | Note
-------+----------+-------------------------------------------
     0 | D:1      | BigPumpCobain the Minotaur Berserker began the quest for
                  | the Orb.
     0 | D:1      | Reached XP level 1. HP: 19/19 MP: 0/0
    95 | D:1      | Reached skill level 4 in Maces & Flails
   104 | D:1      | Reached XP level 2. HP: 24/27 MP: 1/1
   619 | D:1      | Reached XP level 3. HP: 33/33 MP: 2/2
   674 | D:1      | Reached ** piety under Trog
  1282 | D:2      | Noticed Jessica
  1286 | D:2      | Killed Jessica
  1287 | D:2      | Reached skill level 5 in Maces & Flails
  1287 | D:2      | Reached XP level 4. HP: 37/41 MP: 3/3
  1970 | D:3      | Reached XP level 5. HP: 47/47 MP: 4/4
  2227 | D:3      | Reached *** piety under Trog
  2262 | D:3      | Found a faded altar of an unknown god.
  2365 | D:4      | Noticed an ogre
  2371 | D:4      | Killed an ogre
  2372 | D:4      | Reached skill level 5 in Fighting
  2372 | D:4      | Reached skill level 6 in Maces & Flails
  2372 | D:4      | Reached XP level 6. HP: 56/56 MP: 5/5
  2550 | D:4      | Found Wazikk's Distillery.
  2789 | D:4      | Reached skill level 7 in Maces & Flails
  2814 | D:4      | Reached skill level 5 in Armour
  2814 | D:4      | Reached XP level 7. HP: 18/62 MP: 6/6
  3593 | D:5      | Entered Level 5 of the Dungeon
  3598 | D:5      | Found a staircase to the Ecumenical Temple.
  3635 | Temple   | Found a transporter.
  3635 | Temple   | Found a transporter.
  3635 | Temple   | Found a transporter.
  3635 | Temple   | Found a transporter.
  3635 | Temple   | Entered the Ecumenical Temple
  4103 | D:5      | Found an opulent altar of Gozag.
  4289 | D:6      | Found an ancient bone altar of Kikubaaqudgha.
  4603 | D:6      | Reached skill level 8 in Maces & Flails
  4759 | D:6      | Reached XP level 8. HP: 17/71 MP: 7/7
  4762 | D:6      | HP: 5/106 [poisoned by a killer bee]
  4766 | D:6      | HP: 2/106 [poisoned by a killer bee]
  4767 | D:6      | Succumbed to a killer bee's poison

Illustrated notes

Levels and vault maps discovered:
D:1:      matt_arrival_grand_opening, layout_basic
D:2:      layout_loops_corners, grunt_ministairs_13, uniq_jessica
D:3:      wad_crossroads, layout_basic, serial_undead, serial_undead_a,
          serial_undead_c, serial_undead_b, serial_undead_c, serial_undead_c,
          dreamdust_ecumenical_altar_statues, guppyfry_early_lair_pool
D:4:      layout_basic, serial_shops, nicolae_shop_window_shopping,
          minmay_quantized
D:5:      layout_loops_cross, mainiacjoe_overflow_tiny_flanked,
          minmay_temple_entry_slanted
D:6:      kennysheep_windowed_halls, layout_gridville, general_overflow_altar,
          marbit_many_paths, enter_ossuary_1, minmay_fractal_squares_gapless_5
Temple:   hellmonk_temple_divided_pantheon

Skill      XL: |  1  2  3  4  5  6  7 |
---------------+----------------------+-----
Maces & Flails | 4 5 6 7 8 |  8.9
Fighting       | 4 5 6 |  6.8
Armour         | 3 4 5 6 |  6.1
Dodging        | |  2.1

Action                     |  1- 3 |  4- 6 |  7- 9 || total
---------------------------+-------+-------+-------++-------
  Melee: Mace              |    84 |   124 |   105 ||   313
         Headbutt          |     8 |    14 |    21 ||    43
         Punch             |     1 |     1 |     2 ||     4
 Invoke: Berserk           |       |     1 |     2 ||     3
         Trog's Hand       |       |       |     1 ||     1
    Use: Scroll            |       |     9 |     4 ||    13
         Potion            |       |       |     3 ||     3
 Armour: Leather armour    |    47 |       |       ||    47
         Scale mail        |    10 |   100 |   106 ||   216
  Dodge: Dodged            |    54 |    71 |    51 ||   176

Table legend: (Time is in decaauts)
 A = Elapsed time spent in this place.
 B = Non-inter-level travel time spent in this place.
 C = Inter-level travel time spent in this place.
 D = Time resting spent in this place.
 E = Time spent auto-exploring this place.
 F = Levels seen in this place.
 G = Mean time per level.
                   A        B        C        D        E       F      G
               +--------+--------+--------+--------+--------+-----+--------+
         Total |   4812 |   4669 |    143 |     40 |   3834 |   7 |  687.4 |
       Dungeon |   4810 |   4669 |    141 |     40 |   3834 |   6 |  801.7 |
        Temple |      1 |      0 |      1 |      0 |      0 |   1 |    1.0 |
               +--------+--------+--------+--------+--------+-----+--------+

Top non-repeatable levels by time:
     D:4: 1259 daAuts
     D:2: 895 daAuts
     D:1: 769 daAuts
     D:3: 708 daAuts
     D:5: 620 daAuts
     D:6: 556 daAuts
  Temple: 1 daAuts
